 Dungeon Crawl Stone Soup version 0.27.0-1-g7a089689b8 (webtiles) character file.

Game seed: 5155614308020131829

132 Malachi the Sneak (level 4, -2/24 HPs)
             Began as a Vampire Enchanter on Aug 17, 2021.
             Slain by an orc (5 damage)
             ... on level 2 of the Dungeon.
             The game lasted 00:05:24 (2769 turns).

Malachi the Sneak (Vampire Enchanter)               Turns: 2769, Time: 00:05:24

Health: -2/24      AC:  2    Str:  7    XL:     4   Next: 92%
Magic:  1/7        EV: 12    Int: 18    God:
Gold:   127        SH:  0    Dex: 14    Spells: 1/7 levels left

rFire    . . .     SeeInvis +   a - +1 dagger (freeze)
rCold    + + .     Faith    .   (no shield)
rNeg     + + +     Spirit   .   b - +0 robe
rPois    ∞         Reflect  .   (no helmet)
rElec    .         Harm     .   (no cloak)
rCorr    .         Rampage  .   (no gloves)
Will     +....                  (no boots)
Stlth    +++++.....             (no amulet)
HPRegen  0.00/turn              l - ring of willpower
MPRegen  0.10/turn              (no ring)

@: about to teleport, bloodless, inhibited regen
A: bloodless, fangs 3, see invisible, vampiric 2
a: Bat Form, Revivify


You were on level 2 of the Dungeon.
You visited 1 branch of the dungeon, and saw 3 of its levels.

You collected 127 gold pieces.

Inventory:

Hand Weapons
 a - a +1 dagger of freezing (weapon)
Armour
 b - a +0 robe (worn)
Jewellery
 i - an amulet of guardian spirit
 l - a ring of willpower (left hand)
Scrolls
 c - 2 scrolls of teleportation
 m - 2 scrolls of identify
 o - a scroll of fear {unknown}
 p - a scroll of fog {unknown}
Potions
 d - a potion of magic {unknown}
 e - a potion of berserk rage
 f - a potion of invisibility {unknown}
 g - a potion of degeneration {unknown}
 h - a potion of curing {unknown}
 j - 2 potions of lignification {unknown}


   Skills:
 - Level 1.1 Short Blades
 - Level 2.1 Dodging
 * Level 7.0 Stealth
 - Level 2.0 Spellcasting
 * Level 5.6 Hexes
 * Level 2.0 Ice Magic


You had one spell level left.
You knew the following spells:

 Your Spells              Type           Power      Damage    Failure   Level
a - Corona                Hex            24%        N/A       1%          1
b - Ensorcelled Hibernat  Hex/Ice        30%        N/A       5%          2
c - Confusing Touch       Hex            22%        N/A       5%          3

Your spell library contained the following spells:

 Spells                   Type           Power      Damage    Failure   Level
 Tukima's Dance           Hex            22%        N/A       5%          3
 Dazzling Flash           Conj/Hex       22%        N/A       17%         3
 Iskenderun's Mystic Bla  Conj/Tloc      1%         2d3       87%         4
 Starburst                Conj/Fire      0%         8x6d3     100%        6


Dungeon Overview and Level Annotations

Branches:
Dungeon (3/15)

Altars:

Shops:
D:2 [

Annotations:
D:3 Natasha


Innate Abilities, Weirdness & Mutations

You do not regenerate when monsters are visible.
You are frail without blood (-20% HP).
You can heal yourself when you bite living creatures.
You are immune to poison.
You have razor-sharp teeth.
You have supernaturally acute eyesight. (SInv)
You are afflicted with vampirism and can become a bat while bloodless.


Message History

Unknown command.
Casting: Ensorcelled Hibernation (safe; 5% risk of failure)
Confirm with . or Enter, or press ? or * to list all spells.
Aiming: Ensorcelled Hibernation (safe; 5% risk of failure)
Press: ? - help, Shift-Dir - straight line, f - orc
Aim: an orc, wielding a +0 hand axe (chance to affect: 63%)
The orc resists with significant effort.
The orc barely misses you. The orc misses you.
You hit the orc.
The orc is heavily wounded.
The orc barely misses you. The orc hits you with a +0 mace.
Casting: Ensorcelled Hibernation (safe; 5% risk of failure)
Confirm with . or Enter, or press ? or * to list all spells.
Aiming: Ensorcelled Hibernation (safe; 5% risk of failure)
Press: ? - help, Shift-Dir - straight line, f/p - orc
Aim: an orc, wielding a +0 hand axe (heavily wounded, chance to affect: 63%)
The orc resists with significant effort.
The orc closely misses you. The orc completely misses you.
Casting: Ensorcelled Hibernation (safe; 5% risk of failure)
Confirm with . or Enter, or press ? or * to list all spells.
Aiming: Ensorcelled Hibernation (safe; 5% risk of failure)
Press: ? - help, Shift-Dir - straight line, f/p - orc
Aim: an orc, wielding a +0 hand axe (heavily wounded, chance to affect: 63%)
The orc resists with significant effort.
The orc hits you with a +0 hand axe. The orc hits you with a +0 mace.
* * * LOW HITPOINT WARNING * * *
You are too injured to fight recklessly!
As you read the scroll of teleportation, it crumbles to dust.
You feel strangely unstable. The orc barely misses you. The orc misses you.
As you read the scroll labelled GERPHI TAROAPRI, it crumbles to dust.
It is a scroll of brand weapon.
Your +1 dagger is covered with a thin layer of ice!
a - a +1 dagger of freezing (weapon)
The orc hits you with a +0 hand axe.
* * * LOW HITPOINT WARNING * * *
The orc completely misses you.
As you read the scroll labelled JATODWO JENNO, it crumbles to dust.
You hear a loud clanging noise!
It was a scroll of noise.
The orc hits you with a +0 hand axe.
You die...

##.# #..'.........
#..# ####.........
##.# #............
#.# #.##########.
#.# #.# #.....#.
#.# #.####.###.#.
#.# #.#..........
##o###.#.###......
#@o........#.#.#..
######.#.#.#+#.#..
#.#.#∩....#..
#.#.#.....#..
#.#.#.....#..
#.#.#.....#..
#.#.#.....#..
#.#.#..)..#..
#.#.#.....#..


You could see 2 orcs.

Vanquished Creatures
  Natasha (D:3)
  5 adders (D:2)
  A worm (D:2)
  A dart slug (D:2)
  2 orcs
  7 ball pythons
  4 endoplasms
  4 giant cockroaches
  6 goblins
  7 hobgoblins
  2 jackals (D:2)
  3 kobolds (D:2)
  2 quokkas
  3 bats
  2 frilled lizards (D:2)
  4 rats (D:2)
54 creatures vanquished.

Notes
Turn   | Place    | Note
-------+----------+-------------------------------------------
     0 | D:1      | Malachi the Vampire Enchanter began the quest for the Orb.
     0 | D:1      | Reached XP level 1. HP: 13/13 MP: 3/3
    73 | D:1      | Reached skill level 5 in Stealth
   328 | D:1      | Reached XP level 2. HP: 19/19 MP: 5/5
   497 | D:1      | Learned a level 2 spell: Ensorcelled Hibernation
   851 | D:2      | Reached skill level 6 in Stealth
   868 | D:2      | Gained mutation: You are afflicted with vampirism and can
                  | become a bat while bloodless. [Vampire growth]
   868 | D:2      | Reached XP level 3. HP: 24/24 MP: 6/6
  1005 | D:2      | Reached skill level 1 in Ice Magic
  1298 | D:2      | Reached skill level 5 in Hexes
  1311 | D:2      | Learned a level 3 spell: Confusing Touch
  1518 | D:2      | Reached XP level 4. HP: 24/24 MP: 7/7
  1526 | D:2      | Found Mepymm's Antique Armour Emporium.
  1900 | D:2      | You fall into a shaft and drop 1 floor!
  2047 | D:3      | Noticed Natasha
  2050 | D:3      | Killed Natasha
  2088 | D:3      | Noticed Natasha
  2207 | D:2      | Found a faded altar of an unknown god.
  2529 | D:2      | Reached skill level 7 in Stealth
  2769 | D:2      | Slain by an orc

Illustrated notes

Levels and vault maps discovered:
D:1:      matt_arrival_grand_opening, layout_basic
D:2:      minmay_thinvault, layout_basic,
          hellmonk_ecumenical_altar_heavens_door, serial_shops, shop,
          minmay_tiny_reverse_x
D:3:      layout_basic, serial_forest, infiniplex_forest_zigzag_2,
          infiniplex_forest_lined_ring, infiniplex_forest_clump_small,
          infiniplex_forest_straight_1, grunt_ministairs_9, item_on_display_a,
          uniq_jessica, uniq_robin, uniq_natasha

Skill      XL: |  1  2  3  4 |
---------------+-------------+-----
Stealth        | 5 6 7 |  7.0
Ice Magic      | 1 2 |  2.0
Hexes          | 5 |  5.6
Short Blades   | |  1.1
Dodging        | |  2.1
Spellcasting   | |  2.0

Action                   |  1- 3 |  4- 6 || total
-------------------------+-------+-------++-------
Melee: Dagger            |    91 |    40 ||   131
       Bite              |     1 |     2 ||     3
 Cast: Corona            |     5 |       ||     5
       Ensorcelled Hiber |     9 |     9 ||    18
 Abil: Exsanguinate      |     1 |       ||     1
  Use: Scroll            |     3 |     3 ||     6
 Stab: Sleeping          |    22 |    12 ||    34
       Distracted        |       |     1 ||     1
Armor: Robe              |    19 |     2 ||    21
Dodge: Dodged            |    50 |    27 ||    77
